 Dungeon Crawl Stone Soup version 0.31-a0-532-g28f74ba3e5 (webtiles) character file.

Game seed: 9526561304567766707

3483 duskshroud the Cleaver (level 9, -1/84 HPs)
             Began as a Minotaur Berserker on Aug 12, 2023.
             Was a Priest of Trog.
             Slain by an orc knight
             ... wielding a +0 halberd
              (6 damage)
             ... in a bailey.
             The game lasted 00:19:24 (6907 turns).

duskshroud the Cleaver (Minotaur Berserker)         Turns: 6907, Time: 00:19:24

Health: -1/84      AC: 14    Str: 21    XL:     9   Next: 79%
Magic:  8/8        EV: 10    Int:  4    God:    Trog [***...]
Gold:   200        SH:  0    Dex: 21    Spells: 8/8 levels left

rFire   . . .        a - +0 hand axe
rCold   . . .        (no shield)
rNeg    . . .        A - +0 plate armour
rPois   .            d - +1 hat
rElec   .            (no cloak)
rCorr   .            (no gloves)
SInv    .            (no boots)
Will    +....        (no amulet) Stlth
                     w - ring of willpower
HPRegen 0.34/turn    r - +6 ring of dexterity
MPRegen 0.11/turn

%: no passive effects
@: on berserk cooldown, slowed, studying Fighting, very slow
A: horns 2, retaliatory headbutt
a: Renounce Religion, Berserk, Trog's Hand


You were in a bailey.
You worshipped Trog.
Trog was most pleased with you.
You visited 1 branch of the dungeon, and saw 8 of its levels.
You also visited: Bailey.

You collected 354 gold pieces.
You spent 154 gold pieces at shops.

Inventory:

Hand Weapons
 a - a +0 hand axe (weapon)
 x - a +0 orcbow
 C - a +0 arbalest
Missiles
 c - 42 poisoned darts
 n - a throwing net (quivered)
 z - 2 curare-tipped darts
Armour
 d - a +1 hat (worn)
 A - a +0 plate armour (worn)
 B - a +0 scale mail of cold resistance
Jewellery
 p - a ring of positive energy
 r - a +6 ring of dexterity (right hand)
 w - a ring of willpower (left hand)
Scrolls
 e - a scroll of revelation {unknown}
 f - 2 scrolls of amnesia {unknown}
 g - a scroll of enchant weapon {unknown}
 h - 2 scrolls of fear
 k - a scroll of poison {unknown}
 o - 4 scrolls of enchant armour {unknown}
 q - 5 scrolls of teleportation {unknown}
 s - a scroll of identify
 t - a scroll of brand weapon {unknown}
 u - 2 scrolls of noise {unknown}
 y - a scroll of blinking {unknown}
Potions
 b - 4 potions of curing
 i - 5 potions of lignification
 j - 3 potions of haste
 l - 2 potions of heal wounds
 m - 4 potions of enlightenment
 v - a potion of degeneration {unknown}


   Skills:
 + Level 9.4 Fighting
 * Level 10.6 Axes
 - Level 8.0 Armour
 - Level 7.0 Dodging


You had 8 spell levels left.
You didn't know any spells.
Your spell library was empty.

Dungeon Overview and Level Annotations

Branches:
Dungeon (8/15)             Temple (0/1) D:6          Bailey (1/1)
   Lair: D:8-11

Altars:
Elyvilon
Gozag
Trog
Yredelemnul

Shops:
D:1 !   D:5 *


Innate Abilities, Weirdness & Mutations

You have a pair of horns on your head.
You reflexively headbutt those who attack you in melee.


Message History

The orc knight is moderately wounded.
You hit the orc warrior but do no damage.
You hit the orc knight but do no damage.
You punch the orc knight!
The orc knight is heavily wounded.
You hit the orc warrior but do no damage.
The orc warrior barely misses you.
The orc knight hits you but does no damage.
You slash the orc knight!
The orc knight is severely wounded.
You hit the orc warrior but do no damage.
You are no longer berserk.
You are exhausted.
You feel yourself slow down.
You hit the orc knight. Your headbutt misses the orc knight.
The orc knight is severely wounded.
You hit the orc warrior but do no damage.
The orc warrior hits you with a +0 glaive.
The orc knight roars a battlecry!
The orc warrior goes into a battle-frenzy!
You hit the orc knight but do no damage.
The orc knight is severely wounded.
You closely miss the orc warrior. The orc warrior barely misses you.
You furiously retaliate!
You headbutt the orc warrior! The orc knight barely misses you.
The orc knight hits you with a +0 halberd!!
* * * LOW HITPOINT WARNING * * *
The orc warrior hits you with a +0 glaive!
* * * LOW HITPOINT WARNING * * *
You hit the orc knight.
The orc knight is almost dead.
You barely miss the orc warrior. The orc warrior barely misses you.
The orc knight misses you.
You hit the orc knight.
The orc knight is almost dead.
You closely miss the orc warrior.
The orc warrior hits you with a +0 glaive.
* * * LOW HITPOINT WARNING * * *
The orc knight hits you with a +0 halberd.
You die...

.##≈...............≈##.##≈.....#
....................))..#≈.....#
)∩#≈...............≈#∩.##≈.....#
.##≈....#######....≈##.#≈≈.....#
.≈≈≈...##....##....≈≈≈.≈≈......#
......##.o...##................#
.....##..#'''##................#
.....#..##o.∩##o)##............#
....##o####o####@##............#
....##.+ .). +o##............#
....##o# #.8.# #.##............#
....##.' #?.)# +.##............#
....##.#########.##............#
.....#..## ##..#.............#
.....##..#+#'#..##.............#
......##.o.o.o.##..............#
.≈≈≈...#########...≈≈≈.≈≈......#


You could see an orc knight and an orc warrior (strong).

Vanquished Creatures
  Prince Ribbit (D:5)
  The ghost of cforsyth the Charlatan, an amateur GnAr (D:4)
  A steam dragon (D:7)
  Menkaure (D:5)
  A water moccasin (D:6)
  Duvessa (D:5)
  4 orc warriors (Bailey)
  3 ice beasts
  A centaur (D:8)
  2 ogres (D:5)
  6 kobold brigands
  A bullfrog (D:8)
  2 scorpions
  5 wights (D:8)
  Dowan (D:5)
  2 quasits (D:4)
  2 jellies (D:6)
  2 orc priests (D:4)
  7 hounds
  2 iguanas
  2 orc wizards
  14 gnolls
  5 adders
  3 shadow imps
  4 white imps
  An ufetubus (D:4)
  3 worms (D:2)
  3 dart slugs
  24 orcs
  9 endoplasms
  6 giant cockroaches
  6 goblins
  4 hobgoblins
  7 quokkas
  4 ball pythons
  7 bats
  4 frilled lizards
  31 kobolds
  11 rats
194 creatures vanquished.

Vanquished Creatures (collateral kills)
  An orc (Bailey)
1 creature vanquished.

Grand Total: 195 creatures vanquished

Notes
Turn   | Place    | Note
-------+----------+-------------------------------------------
     0 | D:1      | duskshroud the Minotaur Berserker began the quest for the
                  | Orb.
     0 | D:1      | Reached XP level 1. HP: 19/19 MP: 0/0
    35 | D:1      | Reached XP level 2. HP: 21/27 MP: 1/1
    88 | D:1      | Found Fonaell's Distillery.
   274 | D:1      | Reached skill level 4 in Axes
   579 | D:1      | Reached XP level 3. HP: 33/33 MP: 2/2
   711 | D:2      | Reached ** piety under Trog
  1151 | D:2      | Reached XP level 4. HP: 40/40 MP: 3/3
  1523 | D:3      | Found a faded altar of an unknown god.
  1602 | D:3      | Reached XP level 5. HP: 47/47 MP: 4/4
  2087 | D:3      | Reached *** piety under Trog
  2133 | D:4      | Found a transporter.
  2141 | D:4      | Reached skill level 5 in Axes
  2146 | D:4      | Reached skill level 5 in Fighting
  2259 | D:4      | Found a bloodstained altar of Trog.
  2319 | D:4      | Reached XP level 6. HP: 54/56 MP: 5/5
  2510 | D:4      | Found a transporter.
  2530 | D:4      | Noticed cforsyth's ghost (amateur GnAr)
  2807 | D:4      | Killed cforsyth's ghost
  2808 | D:4      | Reached skill level 6 in Axes
  2808 | D:4      | Reached skill level 5 in Armour
  2808 | D:4      | Reached XP level 7. HP: 62/62 MP: 6/6
  2893 | D:5      | Entered Level 5 of the Dungeon
  2901 | D:5      | Noticed Prince Ribbit
  2909 | D:5      | Killed Prince Ribbit
  2910 | D:5      | Reached skill level 5 in Dodging
  3133 | D:5      | Noticed Duvessa
  3133 | D:5      | Noticed Dowan
  3157 | D:5      | Killed Duvessa
  3158 | D:5      | Reached XP level 8. HP: 46/71 MP: 7/7
  3165 | D:5      | Killed Dowan
  3311 | D:5      | Reached skill level 7 in Axes
  3350 | D:5      | Found Zyobinig's General Store.
  3368 | D:5      | Bought a potion of haste for 110 gold pieces
  3368 | D:5      | Bought a scroll of identify for 22 gold pieces
  3368 | D:5      | Bought a scroll of identify for 22 gold pieces
  3814 | D:5      | Found an opulent altar of Gozag.
  3820 | D:5      | Noticed Menkaure
  3829 | D:5      | Killed Menkaure
  4039 | D:6      | Found a staircase to the Ecumenical Temple.
  4669 | D:6      | Reached skill level 8 in Axes
  4669 | D:6      | Reached XP level 9. HP: 81/81 MP: 8/8
  6251 | D:8      | Found a white marble altar of Elyvilon.
  6316 | D:8      | Reached skill level 9 in Axes
  6333 | D:8      | Found a basalt altar of Yredelemnul.
  6471 | D:8      | Found a flagged portal.
  6503 | Bailey   | Entered a bailey
  6572 | Bailey   | Reached **** piety under Trog
  6616 | Bailey   | Reached skill level 10 in Axes
  6857 | Bailey   | Noticed an orc knight
  6907 | Bailey   | Slain by an orc knight

Illustrated notes

Levels and vault maps discovered:
D:1:      dpeg_arrival_ratfight, layout_loops_ring, serial_shops,
          nicolae_shop_industrial_runoff
D:2:      layout_basic, minivault_23, minmay_misc_feat_nine_boxes,
          serial_bayou_lagoon_b
D:3:      layout_basic, chequers_ecumenical_altar_island, grunt_decor_fettered
D:4:      layout_cave_pools, bloody_trog, gammafunk_ghost_stat_death
D:5:      layout_basic, kennysheep_mini_moat, serial_shops,
          nicolae_shop_crystal, minmay_crystal_water, kennysheep_doodads,
          uniq_menkaure, uniq_duvessa, uniq_prince_ribbit1
D:6:      layout_gridville, minmay_temple_entry_junction, serial_rivers,
          chequers_serial_rivers_marsh, chequers_serial_rivers_large_a,
          chequers_serial_rivers_micro_c, chequers_serial_rivers_small_a,
          lightli_orcish_oven
D:7:      layout_basic
D:8:      layout_loops_cross, kennysheep_ying_yang, enter_bailey_5
Bailey:   bailey_polearm_2, bailey

Skill      XL: |  1  2  3  4  5  6  7  8  9 |
---------------+----------------------------+-----
Fighting       | 4 5 6 7 9 |  9.4
Axes           | 4 5 6 8 10 | 10.6
Armour         | 3 4 5 6 7 8 |  8.0
Dodging        | 3 4 5 6 7 |  7.0

Action                     |  1- 3 |  4- 6 |  7- 9 || total
---------------------------+-------+-------+-------++-------
  Melee: Hand axe          |    85 |   107 |   298 ||   490
         Headbutt          |    14 |    20 |    66 ||   100
         Punch             |     1 |     2 |     6 ||     9
 Invoke: Berserk           |       |     3 |     6 ||     9
         Trog's Hand       |       |     3 |     6 ||     9
         Brothers in Arms  |       |       |     1 ||     1
    Use: Scroll            |       |       |     8 ||     8
   Stab: Sleeping          |     1 |       |       ||     1
 Armour: Animal skin       |     6 |       |       ||     6
         Ring mail         |    11 |    31 |    38 ||    80
         Plate armour      |       |       |    97 ||    97
  Dodge: Dodged            |    49 |    68 |   206 ||   323

Table legend: (Time is in decaauts)
 A = Elapsed time spent in this place.
 B = Non-inter-level travel time spent in this place.
 C = Inter-level travel time spent in this place.
 D = Time resting spent in this place.
 E = Time spent auto-exploring this place.
 F = Levels seen in this place.
 G = Mean time per level.
                   A        B        C        D        E       F      G
               +--------+--------+--------+--------+--------+-----+--------+
         Total |   6997 |   6773 |    224 |   1324 |   3934 |   9 |  777.4 |
       Dungeon |   6610 |   6386 |    224 |   1215 |   3934 |   8 |  826.2 |
        Bailey |    386 |    386 |      0 |    109 |      0 |   1 |  386.0 |
               +--------+--------+--------+--------+--------+-----+--------+

Top non-repeatable levels by time:
     D:7: 1208 daAuts
     D:6: 1067 daAuts
     D:4: 1064 daAuts
     D:5: 814 daAuts
     D:3: 736 daAuts
     D:2: 716 daAuts
     D:1: 715 daAuts
  Bailey: 386 daAuts
     D:8: 288 daAuts
